 Dungeon Crawl Stone Soup version 0.29.1-15-g9cfb28693d (webtiles) character file.

Game seed: 3669118513066547719

228 Peloso the Covered (level 5, -1/47 HPs)
             Began as a Minotaur Fighter on Feb 27, 2023.
             Slain by an adder (2 damage)
             ... on level 3 of the Dungeon.
             The game lasted 00:05:02 (2603 turns).

Peloso the Covered (Minotaur Fighter)               Turns: 2603, Time: 00:05:04

Health: -1/47      AC: 12    Str: 20    XL:     5   Next: 70%
Magic:  4/4        EV:  6    Int:  5    God:
Gold:   76         SH:  5    Dex: 12    Spells: 4/4 levels left

rFire   . . .      SeeInvis .   a - +0 long sword
rCold   . . .      Faith    .   d - +0 buckler
rNeg    . . .      Spirit   .   c - +0 plate armour
rPois   .          Reflect  .   (helmet restricted)
rElec   .          Harm     .   (no cloak)
rCorr   .          Rampage  .   (no gloves)
Will    .....                   (no boots)
Stlth   ..........              (no amulet)
HPRegen 0.15/turn               (no ring)
MPRegen 0.09/turn               (no ring)

@: very slow
A: horns 2, retaliatory headbutt
a: no special abilities


You were on level 3 of the Dungeon.
You visited 1 branch of the dungeon, and saw 3 of its levels.

You collected 76 gold pieces.

Inventory:

Hand Weapons
 a - a +0 long sword (weapon)
Armour
 b - a +0 scale mail
 c - a +0 plate armour (worn)
 d - a +0 buckler (worn)
 k - a +0 pair of gloves
Jewellery
 j - an amulet of faith
Wands
 i - a wand of flame (11)
Scrolls
 e - a scroll of identify
 f - a scroll of blinking
 g - 2 scrolls of noise
Potions
 h - a potion of might
 l - a potion of ambrosia {unknown}


   Skills:
 + Level 4.7 Fighting
 + Level 4.9 Long Blades
 + Level 5.0 Armour
 + Level 0.8 Dodging
 + Level 4.3 Shields


You had 4 spell levels left.
You didn't know any spells.
Your spell library was empty.

Dungeon Overview and Level Annotations

Branches:
Dungeon (3/15)

Altars:

Annotations:
D:3 Sigmund


Innate Abilities, Weirdness & Mutations

You have a pair of horns on your head.
You reflexively headbutt those who attack you in melee.


Message History

2 quokkas come into view.
An adder comes into view.
The adder hisses angrily.
You block the quokka's attack.
You hit the quokka. Your headbutt misses the quokka.
The quokka is moderately wounded.
The quokka splashes around in the water.
You slash the quokka!
You kill the quokka!
The endoplasm freezes you.
You are frozen.
* * * LOW HITPOINT WARNING * * *
You hear a splashing noise.
The adder closely misses you.
The endoplasm splashes around in the water.
You closely miss the adder. The adder bites you but does no damage.
You block something's attack.
The endoplasm hits you but does no damage.
The adder bites you but does no damage.
Your unstable footing causes you to fumble your attack.
The adder barely misses you. The endoplasm freezes you.
You are frozen.
* * * LOW HITPOINT WARNING * * *
You block something's attack.
You barely miss the adder. The adder bites you but does no damage.
The orc splashes around in the water.
The endoplasm closely misses you. The adder bites you but does no damage.
You miss the adder. Something hits you.
* * * LOW HITPOINT WARNING * * *
The orc splashes around in the water.
The adder bites you but does no damage.
The endoplasm splashes around in the water.
Unknown command.
Your unstable footing causes you to fumble your attack.
You block the adder's attack. The orc hits you but does no damage.
The endoplasm freezes you.
You are frozen.
* * * LOW HITPOINT WARNING * * *
Something hits you but does no damage. The adder bites you.
You die...

#......##~o####~~##
#'#....KooJ†~~K~~#
#.###.##~~####†o##
#.....##### ##o#
#......# #)#
#......# #~#
#......# ##K#
#######'##~~####{o##
#.......#~~~rS@Jo~~#
#.......##~~####~~##
#(......## ####
#.......########
#.......'......#
#.......######.#
#.......# #.#
#.......# #.#
#.......# #.#


You could see an adder, 2 orcs, an endoplasm, a quokka and a kobold.

Vanquished Creatures
  2 orc priests (D:3)
  Ijyb (D:3)
  Terence (D:2)
  A gnoll (D:1)
  3 adders (D:2)
  2 worms (D:2)
  2 dart slugs
  6 orcs (D:3)
  7 bats
  2 endoplasms
  5 giant cockroaches
  5 goblins
  3 hobgoblins
  2 jackals (D:1)
  6 quokkas
  5 ball pythons
  2 frilled lizards (D:1)
  7 kobolds (D:1)
  10 rats
72 creatures vanquished.

Notes
Turn   | Place    | Note
-------+----------+-------------------------------------------
     0 | D:1      | Peloso the Minotaur Fighter began the quest for the Orb.
     0 | D:1      | Reached XP level 1. HP: 19/19 MP: 0/0
   107 | D:1      | Reached XP level 2. HP: 18/27 MP: 1/1
   201 | D:1      | Found a faded altar of an unknown god.
   354 | D:1      | Reached skill level 4 in Armour
   707 | D:1      | Reached XP level 3. HP: 33/33 MP: 2/2
  1283 | D:2      | Noticed Terence
  1299 | D:2      | Killed Terence
  1300 | D:2      | Reached XP level 4. HP: 17/40 MP: 3/3
  2271 | D:3      | Noticed Ijyb
  2283 | D:3      | Killed Ijyb
  2284 | D:3      | Reached XP level 5. HP: 6/46 MP: 4/4
  2555 | D:3      | Noticed Sigmund
  2592 | D:3      | Reached skill level 5 in Armour
  2602 | D:3      | HP: 2/47 [something (4)]
  2603 | D:3      | Slain by an adder

Illustrated notes

Levels and vault maps discovered:
D:1:      scummos_arrival_gate, layout_rooms, hellmonk_ecumenical_altar_run_dry,
          dk_noncrumbling_3, minmay_misc_feat_rugged, grunt_decor_junction
D:2:      layout_basic, uniq_terence
D:3:      layout_basic, gup_sewer_entry_bubbles, uniq_ijyb,
          uniq_crazy_yiuf_cottage, uniq_sigmund

Skill      XL: |  1  2  3  4  5 |
---------------+----------------+-----
Shields        | 4 |  4.3
Armour         | 4 5 |  5.0
Fighting       | 4 |  4.7
Long Blades    | 3 4 |  4.9
Dodging        | |  0.8

Action                   |  1- 3 |  4- 6 || total
-------------------------+-------+-------++-------
Melee: Long sword        |    78 |   105 ||   183
       Headbutt          |     7 |    16 ||    23
Evoke: Wand              |       |     1 ||     1
  Use: Scroll            |     2 |     2 ||     4
Armor: Scale mail        |    35 |       ||    35
       Plate armour      |    28 |    78 ||   106
Dodge: Dodged            |    46 |    34 ||    80
Block: Buckler           |    20 |    25 ||    45
